Map: 強酸工廠 - 天梯版

Players

Nice

  • Race: Protoss Protoss
  • Spawn Location: 5:00

ShaDoWn - Winner!

  • Race: Protoss Protoss
  • Spawn Location: 11:00

Event: WCS Montreal 2018

VOD

Have the link to the VOD?

Description

Time

  • Played on: Sept. 7, 2018, 12:45 p.m.
  • Length: 7:08

All games in this series

Show
View Real Time Build Order
Export as new Build Order

Nice Protoss 

Build Orders: Oracle Opening 

Get SALT Encoding   

  12  0:00  Probe  
  13  0:13  Probe  
  14  0:17  Pylon  
  14  0:24  Probe  
  15  0:32  Probe  
  15  0:38  Gateway  
  15  0:40  Probe  
  17  0:51  Probe  
  17  0:52  Assimilator  
  17  0:56  Assimilator  
  18  1:00  Probe  
  19  1:08  Gateway, Probe  
  19  1:17  Probe  
  21  1:25  Cybernetics Core  
  21  1:30  Probe  
  22  1:37  Pylon  
  22  1:42  Probe  
  23  1:55  Probe  
  24  2:02  Adept x2  
  24  2:03  Warp Gate  
  28  2:10  Pylon  
  28  2:18  Stargate  
  28  2:29  Adept  
  30  2:30  Adept  
  31  2:51  Oracle  
  31  2:57  Adept x2  
  38  3:08  Pylon  
  38  3:26  Oracle  
  38  3:38  Probe  
  37  3:51  Probe  
  38  4:00  Nexus  
  38  4:02  Probe  
  37  4:10  Probe  
  38  4:18  Probe  
  38  4:23  Robotics Facility  
  39  4:29  Probe  
  40  4:41  Probe  
  39  4:50  Oracle  
  29  4:53  Probe  
  29  5:02  Pylon  
  29  5:03  Sentry, Zealot  
  29  5:04  Immortal  
  29  5:05  Probe  
  34  5:16  Probe  
  34  5:17  Probe  
  40  5:27  Zealot x2  
  40  5:28  Probe  
  45  5:30  Probe  
  46  5:40  Probe  
  46  5:42  Probe  
  46  5:44  Observer  
  46  5:48  Sentry  
  46  5:49  Zealot  
  49  5:58  Immortal  
  45  6:09  Zealot  
  45  6:11  Probe x2  
  47  6:20  Zealot  
  36  6:35  Stalker  
  21  6:53  Stalker  
Show
View Real Time Build Order
Export as new Build Order

ShaDoWn Protoss - Winner!

Build Orders:  

Get SALT Encoding   

  12  0:00  Probe  
  13  0:12  Probe  
  14  0:17  Pylon  
  14  0:24  Probe  
  15  0:32  Probe  
  15  0:36  Gateway  
  15  0:40  Probe  
  16  0:46  Assimilator  
  17  0:51  Probe  
  17  0:54  Assimilator  
  18  1:03  Probe  
  19  1:09  Gateway  
  19  1:15  Probe  
  20  1:25  Cybernetics Core  
  20  1:27  Probe  
  20  1:31  Pylon  
  21  1:39  Probe  
  22  1:49  Warp Gate  
  22  1:51  Probe  
  25  2:01  Adept x2  
  25  2:03  Probe  
  28  2:10  Pylon  
  28  2:28  Adept x2  
  31  2:44  Nexus  
  31  2:50  Probe  
  32  2:56  Sentry x2  
  36  3:02  Probe  
  37  3:06  Pylon  
  37  3:11  Shield Battery  
  37  3:22  Robotics Facility  
  37  3:31  Shield Battery  
  35  3:37  Probe  
  30  3:49  Probe  
  30  3:53  Stalker x2  
  35  4:02  Immortal  
  35  4:05  Probe  
  35  4:08  Probe  
  38  4:17  Sentry, Probe  
  38  4:19  Stalker  
  38  4:20  Probe  
  44  4:41  Stalker  
  44  4:42  Stalker  
  38  4:51  Warp Prism  
  33  5:13  Shield Battery  
  33  5:19  Stalker  
  35  5:27  Stalker  
  37  5:31  Probe  
  37  5:34  Probe  
  39  5:43  Probe  
  39  5:46  Stalker  
  41  6:11  Probe  
  41  6:15  Zealot x2  
  43  6:36  Adept x2  
  43  6:39  Probe  
  46  6:41  Probe  
  36  6:51  Probe  
  36  6:53  Probe  
  34  6:56  Adept x2  
Tags
 
Add a new tag
Caveats
  • Supply blocks, unpowered buildings, or Contaminate may cause inaccurate times.
  • Supply counts are checked every 10 seconds.